 Dungeon Crawl Stone Soup version 0.30.1-9-gdf580d7c3d (webtiles) character file.

Game seed: 546859983076743785

2204 monsoonserge the Covert (level 9, -5/53 HPs)
             Began as a Kobold Brigand on Oct 17, 2023.
             Was an Initiate of Uskayaw.
             Slain by boopmooplesden's ghost (7 damage)
             ... on level 5 of the Dungeon.
             The game lasted 00:25:27 (7397 turns).

monsoonserge the Covert (Kobold Brigand)            Turns: 7397, Time: 00:25:28

Health: -5/53      AC: 11    Str:  8    XL:     9   Next: 60%
Magic:  11/12      EV: 15    Int: 19    God:    Uskayaw [......]
Gold:   92         SH:  0    Dex: 20    Spells: 8/8 levels left

rFire   + . .        a - +2 dagger
rCold   + . .        (no shield)
rNeg    . . .        w - +3 ring mail "Cofal" {rF+ rC+ rCorr}
rPois   .            n - +0 helmet
rElec   .            s - scarf {harm}
rCorr   +            (no gloves)
SInv    .            l - +0 pair of boots
Will    .....        B - amulet of regeneration
Stlth   ++++         F - +6 ring of intelligence
HPRegen 1.08/turn    (no ring)
MPRegen 0.13/turn

%: harm (+30% outgoing, +20% incoming)
@: no status effects
A: small, no large weapons, nightstalker 3
a: Renounce Religion


You were on level 5 of the Dungeon.
You worshipped Uskayaw.
Uskayaw was noncommittal.
You visited 2 branches of the dungeon, and saw 8 of its levels.
You also visited: Sewer.

You collected 245 gold pieces.
You spent 153 gold pieces at shops.

Inventory:

Hand Weapons
 a - a +2 dagger (weapon)
 b - a +0 shortbow
 r - a +0 dagger of speed
Missiles
 d - 11 poisoned darts (quivered)
 e - 3 curare-tipped darts
Armour
 l - a +0 pair of boots (worn)
 n - a +0 helmet (worn)
 s - a scarf of harm (worn)
 w - the +3 ring mail "Cofal" (worn) {rF+ rC+ rCorr}
   (You bought it in a shop on level 2 of the Dungeon)

   rF:        It protects you from fire.
   rC:        It protects you from cold.
   rCorr:     It protects you from acid and corrosion.
Magical Staves
 h - a staff of fire
 E - a staff of cold
Jewellery
 y - a ring of wizardry
 B - an amulet of regeneration (around neck)
 F - a +6 ring of intelligence (left hand)
Wands
 t - a wand of charming (3)
 C - a wand of flame (6)
Scrolls
 f - a scroll of poison {unknown}
 g - 5 scrolls of fear {unknown}
 i - 6 scrolls of identify {unknown}
 j - 5 scrolls of noise {unknown}
 k - a scroll of amnesia {unknown}
 m - 3 scrolls of teleportation {unknown}
 u - 3 scrolls of vulnerability {unknown}
Potions
 c - a potion of resistance {unknown}
 o - a potion of invisibility {unknown}
 p - 6 potions of curing
 q - a potion of lignification {unknown}
 x - a potion of cancellation {unknown}
 z - a potion of might {unknown}
 A - a potion of ambrosia
 D - a potion of brilliance {unknown}
 G - a potion of haste {unknown}


   Skills:
 + Level 4.8 Fighting
 + Level 7.6 Short Blades
 + Level 2.6 Throwing
 + Level 5.1 Armour
 + Level 5.3 Dodging
 - Level 8.0 Stealth
 * Level 4.8 Invocations
 - Level 1.0 Evocations


You had 8 spell levels left.
You didn't know any spells.
Your spell library contained the following spells:

 Spells                   Type           Power      Damage    Failure   Level
 Shock                    Conj/Air       0%         1d3       50%         1
 Ensorcelled Hibernation  Hex/Ice        0%         N/A       63%         2
 Passwall                 Tmut/Erth      0%         N/A       63%         2
 Inner Flame              Hex/Fire       0%         N/A       86%         3
 Swiftness                Air            0%         N/A       86%         3
 Airstrike                Air            0%         2d(0-16)  99%         4
 Flame Wave               Conj/Fire      0%         2d4       99%         4
 Sticky Flame             Conj/Fire      0%         2d3       99%         4


Dungeon Overview and Level Annotations

Branches:
Dungeon (7/15)             Temple (1/1) D:4           Sewer (visited)

Altars:
Ashenzari
Cheibriados
Dithmenos
Elyvilon
Fedhas
Gozag
Hepliaklqana
Kikubaaqudgha
Makhleb
Nemelex Xobeh
Okawaru
Qazlal
Ru
Sif Muna
Trog
Uskayaw
Vehumet
Wu Jian
Xom
Yredelemnul
Zin
The Shining One

Shops:
D:2 [

Annotations:
D:5 boopmooplesden's ghost, novice MiGl


Innate Abilities, Weirdness & Mutations

You are small and have problems with some larger weapons.
You are completely attuned to the shadows.


Message History

You hit boopmooplesden's ghost but do no damage.
Boopmooplesden's ghost is severely damaged.
You hit boopmooplesden's ghost but do no damage.
Boopmooplesden's ghost is severely damaged.
Boopmooplesden's ghost misses you.
You closely miss boopmooplesden's ghost.
Boopmooplesden's ghost is severely damaged.
You hit boopmooplesden's ghost. You punch boopmooplesden's ghost.
Boopmooplesden's ghost is severely damaged.
Boopmooplesden's ghost hits you!
* * * LOW HITPOINT WARNING * * *
You hit boopmooplesden's ghost.
Boopmooplesden's ghost is almost destroyed.
Boopmooplesden's ghost hits you but does no damage.
You hit boopmooplesden's ghost but do no damage.
Boopmooplesden's ghost is almost destroyed.
You hit boopmooplesden's ghost but do no damage.
Boopmooplesden's ghost is almost destroyed.
Boopmooplesden's ghost hits you but does no damage.
You barely miss boopmooplesden's ghost.
Boopmooplesden's ghost is almost destroyed.
Boopmooplesden's ghost barely misses you.
You barely miss boopmooplesden's ghost.
Boopmooplesden's ghost is almost destroyed.
You barely miss boopmooplesden's ghost.
Boopmooplesden's ghost is almost destroyed.
Boopmooplesden's ghost hits you.
* * * LOW HITPOINT WARNING * * *
You hit boopmooplesden's ghost but do no damage.
Boopmooplesden's ghost is almost destroyed.
Boopmooplesden's ghost hits you!
* * * LOW HITPOINT WARNING * * *
Unknown command.
Okay, then.
Aiming: Throw Flame
Press: ? - help, Shift-Dir - straight line, f - boopmooplesden's ghost
Aim: boopmooplesden's ghost (almost destroyed, 56% to hit)
The puff of flame misses boopmooplesden's ghost.
Boopmooplesden's ghost hits you.
You die...

.............#................# #
.............#..............<.# #
.............#................# #
.............#................# #
.............#############....# #
..............................# #
....≈≈≈≈≈≈≈≈≈≈≈≈~≈≈≈≈≈≈≈≈≈≈≈≈.###
....≈≈≈≈≈≈≈≈≈≈≈≈~≈≈≈≈≈≈≈≈≈≈≈≈....
....≈≈#####....)@)....#####≈≈....
....≈≈#.8.#.###.W.###.#W8.#≈≈....
#.#.≈≈#. ###.#####©###. .#≈≈....
#.#.≈≈## .g...ggg...... ##≈≈....
#.#.≈≈.8 .######'######. 8.≈≈....
#.#.≈≈.##.#.⌠.#/.8#...#.##.≈≈....
#.#.~~.# ....)©⌠#:..' #.~~....
#.#.≈≈.# .⌠.#..8#...#.##.≈≈....
#.#.≈≈.8 .######'######. 8.≈≈....


You could see 3 gnoll sergeants and boopmooplesden's ghost.

Vanquished Creatures
  A steam dragon (D:6)
  A water moccasin (D:5)
  Duvessa (D:5)
  An ice beast (D:7)
  An orc warrior (D:6)
  2 ogres
  A centaur (D:7)
  3 phantoms
  A bullfrog (D:7)
  3 scorpions
  Dowan (D:5)
  A killer bee (D:7)
  4 hounds
  2 orc priests
  3 jellies
  2 gnoll boudas (D:5)
  4 iguanas
  Terence (D:2)
  4 orc wizards
  Robin (D:1)
  A river rat (Sewer)
  5 adders
  9 gnolls
  A shadow imp (D:6)
  2 ufetubi (D:5)
  A worm (D:4)
  A dart slug (D:5)
  8 orcs
  6 ball pythons
  18 endoplasms
  5 giant cockroaches
  17 goblins
  6 hobgoblins
  3 jackals (D:2)
  5 quokkas
  2 bats
  9 frilled lizards
  7 kobolds
  9 rats
153 creatures vanquished.

Vanquished Creatures (collateral kills)
  2 gnolls (D:5)
  An adder (D:5)
3 creatures vanquished.

Vanquished Creatures (others)
  A gnoll (D:5)
1 creature vanquished.

Grand Total: 157 creatures vanquished

Notes
Turn   | Place    | Note
-------+----------+-------------------------------------------
     0 | D:1      | monsoonserge the Kobold Brigand began the quest for the
                  | Orb.
     0 | D:1      | Reached XP level 1. HP: 12/12 MP: 1/1
   158 | D:1      | You fall into a shaft and drop 1 floor!
   174 | D:2      | Noticed Terence
   187 | D:2      | Killed Terence
   188 | D:2      | Reached skill level 6 in Stealth
   188 | D:2      | Reached XP level 2. HP: 7/18 MP: 2/2
   188 | D:2      | Reached XP level 3. HP: 8/22 MP: 3/3
   583 | D:1      | Reached XP level 4. HP: 27/27 MP: 4/4
   825 | D:1      | Reached skill level 7 in Stealth
   927 | D:2      | Noticed Robin
  1025 | D:1      | Killed Robin
  1050 | D:2      | Reached XP level 5. HP: 31/31 MP: 5/5
  1388 | D:2      | Found Laut's Antique Armour Emporium.
  2819 | D:4      | Found a staircase to the Ecumenical Temple.
  2825 | Temple   | Entered the Ecumenical Temple
  3252 | D:4      | Reached skill level 1 in Evocations
  3279 | D:4      | Reached skill level 1 in Armour
  3344 | D:4      | Reached XP level 6. HP: 37/37 MP: 6/6
  3555 | D:2      | Bought a bloodstained ring mail for 153 gold pieces
  3555 | D:2      | Identified the +3 ring mail "Cofal" {rF+ rC+ rCorr} (You
                  | bought it in a shop on level 2 of the Dungeon)
  3661 | D:4      | Reached skill level 8 in Stealth
  4038 | Temple   | Became a worshipper of Uskayaw the Reveller
  4094 | D:5      | Entered Level 5 of the Dungeon
  4127 | D:5      | Reached * piety under Uskayaw
  4171 | D:5      | Found a glowing drain.
  4178 | Sewer    | Entered a sewer
  4243 | Sewer    | Reached XP level 7. HP: 41/41 MP: 7/7
  4251 | Sewer    | Reached ** piety under Uskayaw
  4264 | Sewer    | Reached *** piety under Uskayaw
  4299 | Sewer    | Found a viscous altar of Jiyva.
  4482 | D:5      | Reached skill level 1 in Invocations
  4789 | D:5      | Found a transporter.
  4789 | D:5      | Identified the +2 spear "Mefriw" {pain, rElec rF+ Int+2
                  | Dex+4}
  5049 | D:5      | Reached skill level 5 in Short Blades
  5105 | D:5      | Noticed a water moccasin
  5115 | D:5      | Killed a water moccasin
  5116 | D:5      | Reached XP level 8. HP: 26/48 MP: 4/9
  5358 | D:5      | Noticed Duvessa
  5359 | D:5      | Noticed Dowan
  5394 | D:5      | Killed Duvessa
  5406 | D:5      | Killed Dowan
  5523 | D:5      | Found a transporter.
  5668 | D:5      | Found an iron altar of Okawaru.
  6058 | D:6      | Reached XP level 9. HP: 15/52 MP: 3/11
  7048 | D:7      | Found a snail-covered altar of Cheibriados.
  7085 | D:7      | Reached skill level 5 in Dodging
  7157 | D:7      | Reached **** piety under Uskayaw
  7161 | D:7      | Reached skill level 5 in Armour
  7264 | D:5      | Noticed boopmooplesden's ghost (novice MiGl)
  7361 | D:5      | HP: 2/53 [gnoll sergeant/+2 trident of venom (9)]
  7396 | D:5      | HP: 1/53 [boopmooplesden's ghost (12)]
  7397 | D:5      | Slain by boopmooplesden's ghost

Illustrated notes

Levels and vault maps discovered:
D:1:      zelgadis_glass_arrival_small, layout_rooms, minmay_door_square
D:2:      layout_loops_ring, serial_shops, shop, uniq_robin, uniq_terence
D:3:      layout_basic, nicolae_hexahallways
D:4:      layout_basic, minmay_temple_entry_waves
D:5:      layout_basic, kennysheep_mini_moat, gammafunk_ghost_gnarly_gnolls,
          portal_sewer_entry_d, cheibrodos_gnoll_hut, uniq_duvessa
D:6:      layout_gridville
D:7:      layout_loops_ring, mainiacjoe_overflow_paths
Temple:   nicolae_temple_slightly_damp_pantheon

Skill      XL: |  1  2  3  4  5  6  7  8  9 |
---------------+----------------------------+-----
Stealth        | 6 7 8 |  8.0
Short Blades   | 3 5 6 7 |  7.6
Evocations     | 1 |  1.0
Fighting       | 3 4 |  4.8
Armour         | 1 2 3 4 5 |  5.1
Dodging        | 2 3 4 5 |  5.3
Invocations    | 2 3 4 |  4.8
Throwing       | |  2.6

Action                     |  1- 3 |  4- 6 |  7- 9 || total
---------------------------+-------+-------+-------++-------
  Melee: Dagger            |    33 |   171 |   325 ||   529
         Punch             |       |     1 |     8 ||     9
  Throw: Dart              |     3 |     2 |       ||     5
 Invoke: Stomp             |       |       |    24 ||    24
         Line Pass         |       |       |     3 ||     3
  Evoke: Wand              |       |       |     7 ||     7
    Use: Potion            |       |       |     5 ||     5
   Stab: Sleeping          |     6 |    33 |    13 ||    52
         Distracted        |       |       |     4 ||     4
         Paralysed         |       |       |     2 ||     2
         Confused          |       |       |     1 ||     1
 Armour: Robe              |     3 |    18 |       ||    21
         Leather armour    |       |     3 |       ||     3
         Ring mail         |       |    14 |   107 ||   121
  Dodge: Dodged            |    11 |   102 |   227 ||   340
